 Dungeon Crawl Stone Soup version 0.16-a0-3944-g1fbc3e7 (webtiles) character file.

315 Chasingthesun the Shield-Bearer (level 6, 0/49 HPs)
             Began as a Formicid Fighter on Feb 9, 2015.
             Slain by a5tp's ghost (1 damage)
             ... on level 4 of the Dungeon.
             The game lasted 00:09:54 (3195 turns).

Chasingthesun the Shield-Bearer (Formicid Fighter)  Turns: 3195, Time: 00:09:54

Health: 0/49       AC:  8    Str: 25    XL:     6   Next: 72%
Magic:  8/8        EV:  8    Int:  8    God:
Gold:   144        SH: 10    Dex: 12    Spells: 0 memorised, 5 levels left

rFire  . . .     SeeInvis +     a - +0 long sword
rCold  . . .     Clarity  .     b - +0 scale mail
rNeg   . . .     SustAb   .     c - +0 shield
rPois  .         Gourm    .     (helmet unavailable)
rElec  .         Spirit   .     (no cloak)
rCorr  .         Warding  .     o - +0 pair of gloves
rMut   .         Stasis   +     (no boots)
MR     .....                    (no amulet)
Stlth  ..........               (no ring)
                                (no ring)

@: mighty, not resistant to hostile enchantments, extremely unstealthy
A: permanent stasis, dig shafts and tunnels, four strong arms, antennae 3
a: Dig, Shaft Self


You were on level 4 of the Dungeon.
You were not hungry.

You visited 1 branch of the dungeon, and saw 4 of its levels.

You collected 144 gold pieces.

Inventory:

Hand weapons
 a - a +0 long sword (weapon)
Armour
 b - a +0 scale mail (worn)
 c - a +0 shield (worn)
 o - a +0 pair of gloves (worn)
Scrolls
 f - 3 scrolls of identify {unknown}
 h - 2 scrolls of random uselessness {unknown}
 i - a scroll of teleportation {unknown}
 j - 2 scrolls of remove curse
 l - 3 scrolls of immolation {unknown}
 q - a scroll of enchant weapon {unknown}
 t - a scroll of magic mapping {unknown}
 v - a scroll of noise {unknown}
Potions
 g - a potion of haste {unknown}
 k - 5 potions of curing {unknown}
 n - 2 potions of heal wounds {unknown}
 p - a potion of lignification {unknown}
Books
 s - a book of Power

   Spells                             Type                      Level
   a - Fulminant Prism                Conjuration/Hexes            4
   b - Iskenderun's Mystic Blast      Conjuration                  4
   c - Venom Bolt                     Conjuration/Poison           5
   d - Bolt of Magma                  Conjuration/Fire/Earth       5
   e - Iron Shot                      Conjuration/Earth            6
   f - Orb of Destruction             Conjuration                  7
   g - Spellforged Servitor           Conjuration/Summoning        7
Comestibles
 d - 4 bread rations
 m - a fruit
 r - a beef jerky
 u - 2 slices of pizza
 w - a meat ration


   Skills:
 + Level 4.6 Fighting
 * Level 4.4 Long Blades
 + Level 4.4 Armour
 + Level 4.7 Shields


You had 5 spell levels left.
You didn't know any spells.

Dungeon Overview and Level Annotations

Branches:
Dungeon (4/15)
 Temple: D:4-7

Altars:

Annotations:
D:4 a5tp's ghost, average GrBe


Innate Abilities, Weirdness & Mutations

You are under a permanent stasis effect.
You can dig through walls and to a lower floor.
Your four strong arms can wield two-handed weapons with a shield.
You have a pair of large antennae on your head (SInv).


Message History

Your shield and scale mail prevent you from hitting a5tp's ghost.
A5tp's ghost is lightly damaged.
A5tp's ghost yells, "Who would have thought, even in death it is a pleasure to sever!"
A5tp's ghost closely misses you.
You hit a5tp's ghost.
A5tp's ghost is lightly damaged.
A5tp's ghost hits you!
* * * LOW HITPOINT WARNING * * *
x2 You closely miss a5tp's ghost.
A5tp's ghost is lightly damaged.
You block a5tp's ghost's attack. A5tp's ghost hits you!
* * * LOW HITPOINT WARNING * * *
x2 You slash a5tp's ghost!
A5tp's ghost is moderately damaged.
A5tp's ghost barely misses you.
You hit a5tp's ghost.
A5tp's ghost is heavily damaged.
A5tp's ghost hits you.
* * * LOW HITPOINT WARNING * * *
You die...

#.. #.# #.# #.#
#.# #.# #.# #.#
#.# #.# #.# #.#
#.# #.# #.###
#.# #.###....
#.# #.....###
#W# #####.# #@#
#.# #.# #.# #.#
#.# #.# #.# #.#
#.#
#.############.#
#..............#
#####..#########
#..#


You could see a5tp's ghost.

Vanquished Creatures
  A hound (D:4)
  2 orc priests (D:3)
  An iguana (D:4)
  An orc wizard (D:3)
  Ijyb (D:3)
  4 adders
  A gnoll (D:1)
  2 worms (D:2)
  2 giant geckos
  An ooze (D:4)
  2 orcs (D:3)
  2 ball pythons (D:2)
  13 bats
  2 giant cockroaches
  5 goblins
  5 hobgoblins
  14 jackals
  4 kobolds
  3 quokkas
  A giant newt (D:2)
  26 rats
93 creatures vanquished.

Notes
Turn   | Place    | Note
--------------------------------------------------------------
     0 | D:1      | Chasingthesun, the Formicid Fighter, began the quest for the Orb.
     0 | D:1      | Reached XP level 1. HP: 18/18 MP: 1/1
    80 | D:1      | Reached XP level 2. HP: 12/24 MP: 3/3
   414 | D:1      | Reached XP level 3. HP: 29/29 MP: 4/4
   709 | D:1      | Reached skill level 4 in Shields
   980 | D:2      | Reached XP level 4. HP: 32/37 MP: 5/5
  1582 | D:2      | Reached XP level 5. HP: 42/42 MP: 7/7
  2570 | D:3      | Noticed Ijyb
  2590 | D:3      | Killed Ijyb
  2690 | D:3      | Reached XP level 6. HP: 26/49 MP: 8/8
  3181 | D:4      | Noticed a5tp's ghost (average GrBe)
  3193 | D:4      | HP: 2/49 [a5tp's ghost (1)]
  3195 | D:4      | Slain by a5tp's ghost

Action                   |  1- 3 |  4- 6 || total
-------------------------+-------+-------++-------
Melee: Long sword        |   127 |   226 ||   353
 Abil: Dig               |       |     2 ||     2
  Use: Scroll            |       |     1 ||     1
       Potion            |       |     1 ||     1
  Eat: Chunk             |       |     6 ||     6
       Fruit             |       |     2 ||     2
